 Dungeon Crawl Stone Soup version 0.17-a0-2073-gde5cdba (webtiles) character file.

5165 Ohli the Blocker (level 10, -1/90 (91) HPs)
             Began as a Minotaur Fighter on Oct 16, 2015.
             Was an Elder of Nemelex Xobeh.
             Slain by a wraith (2 damage)
             ... led by Josephine
             ... on level 10 of the Dungeon.
             The game lasted 00:30:36 (6637 turns).

Ohli the Blocker (Minotaur Fighter)                 Turns: 6637, Time: 00:30:41

HP:   -1/90 (91)    AC: 14    Str: 23    XL:     10   Next: 34%
MP:   10/10         EV: 12    Int:  5    God:    Nemelex Xobeh [****..]
Gold: 513           SH: 12    Dex: 11    Spells: 0 memorised, 9 levels left

rFire  + . .     SeeInvis +     s - +3 spear of Edghotz {freeze, SInv}
rCold  . . .     Clarity  .     b - +0 scale mail
rNeg   . . .     SustAt   .     c - +0 shield
rPois  .         Gourm    .     (helmet restricted)
rElec  .         Spirit   .     E - +2 cloak {+Inv}
rCorr  .         Warding  .     f - +0 pair of gloves
rMut   +         Stasis   .     (no boots)
MR     .....                    H - amulet of resist mutation
Stlth  ..........               t - ring of protection from fire
                                M - +1 ring of protection

@: slowed, very slow, not resistant to hostile enchantments, extremely
unstealthy
A: retaliatory headbutt, horns 2
a: Triple Draw, Deal Four, Renounce Religion, Evoke Invisibility


You were on level 10 of the Dungeon.
You worshipped Nemelex Xobeh.
Nemelex Xobeh was greatly pleased with you.
You were not hungry.

You visited 1 branch of the dungeon, and saw 10 of its levels.

You collected 513 gold pieces.

Inventory:

Hand Weapons
 s - the +3 spear of Edghotz (weapon) {freeze, SInv}
   (You found it on level 4 of the Dungeon)

   It has been specially enchanted to freeze those struck by it, causing extra
   injury to most foes and up to half again as much damage against particularly
   susceptible opponents.
   It can also slow down cold-blooded creatures.
   It lets you see invisible.
Missiles
 u - 6 poisoned javelins (quivered)
Armour
 b - a +0 scale mail (worn)
 c - a +0 shield (worn)
 f - a +0 pair of gloves (worn)
 E - a +2 cloak of invisibility (worn)
Jewellery
 l - an uncursed ring of flight
 t - a ring of protection from fire (right hand)
 H - an amulet of resist mutation (around neck)
 M - a +1 ring of protection (left hand)
 Y - an uncursed ring of poison resistance
Scrolls
 g - 8 scrolls of remove curse
 i - a scroll of noise {unknown}
 n - 2 scrolls of random uselessness {unknown}
 p - 7 scrolls of teleportation {unknown}
 q - 4 scrolls of amnesia {unknown}
 r - a scroll of enchant armour {unknown}
 x - 11 scrolls of identify {unknown}
 y - a scroll of acquirement {unknown}
 C - 2 scrolls of blinking {unknown}
 F - a scroll of summoning {unknown}
 G - a scroll of fog
 K - 3 scrolls of enchant weapon {unknown}
 V - 3 scrolls of recharging {unknown}
Potions
 d - 2 potions of might
 h - 2 potions of heal wounds {unknown}
 j - a potion of invisibility {unknown}
 k - 2 potions of cure mutation {unknown}
 o - 3 potions of cancellation
 v - a potion of ambrosia {unknown}
 w - a potion of lignification {unknown}
 z - 2 potions of agility {unknown}
 D - 3 potions of curing {unknown}
 I - 2 potions of flight {unknown}
 L - a potion of brilliance {unknown}
 U - a potion of mutation {unknown}
 W - a potion of degeneration {unknown}
Miscellaneous
 A - a plain deck of war {drawn: 5}
 J - an ornate deck of war {drawn: 1}
 O - a plain deck of war
 S - a plain deck of defence
 X - a plain deck of war
 Z - a plain deck of war
Comestibles
 a - 10 royal jellies
 e - 11 bread rations
 m - 2 slices of pizza
 B - 5 meat rations
 N - 10 fruits
 P - 8 chunks of flesh


   Skills:
 * Level 9.0 Fighting
 + Level 8.0 Polearms
 - Level 0.4 Throwing
 + Level 8.9 Armour
 + Level 7.3 Dodging
 + Level 9.3 Shields
 + Level 2.0 Evocations


You had 9 spell levels left.
You didn't know any spells.

Dungeon Overview and Level Annotations

Branches:
Dungeon (10/15)            Temple (0/1) D:4
   Lair: D:8-11         Orc: D:9-12

Altars:
Ashenzari
Dithmenos
Elyvilon
Gozag
Kikubaaqudgha
Makhleb
Nemelex Xobeh
Okawaru
Qazlal
Sif Muna
Trog
Vehumet
The Shining One

Shops:
D:8 }?}


Innate Abilities, Weirdness & Mutations

You reflexively headbutt those who attack you in melee.
You have a pair of horns on your head.


Message History

The wraith hits you but does no damage. You block the orc warrior's attack.
The wraith closely misses you. You block the wraith's attack.
The wraith hits you but does no damage. The wraith hits you.
* * * LOW HITPOINT WARNING * * *
The wraith drains your vigour!
You feel as though you will be slow longer.
* * * LOW HITPOINT WARNING * * *
It was a potion of cancellation.
Your magical effects are unravelling.
You feel magically purged.
You feel yourself speed up.
You feel a little less mighty now.
You feel a little less clever now. You block the wraith's attack.
You block the orc warrior's attack. The wraith hits you!
* * * LOW HITPOINT WARNING * * *
The wraith drains your vigour!
You feel yourself slow down.
* * * LOW HITPOINT WARNING * * *
You block the wraith's attack. The wraith hits you.
You die...
Your body glows slightly and disappears.

...#.≈≈# #.##.≈≈#
#.÷..≈≈# #.##.≈≈#
#.##.≈≈#
#.##.≈≈#################
#.##.≈≈≈≈≈≈≈≈≈≈≈F≈≈≈≈≈≈≈
#.##.≈≈≈≈≈≈≈≈≈≈WWW≈≈≈≈≈≈
#.##...........W@o......
#.##########.###W###.#..
....# #..# #... ..#.#
#.## #####
....#######.###
..............##
...#########...## #.##
#.#.#.# #.# #...#.#


You could see 5 wraiths, an orc warrior and a giant frog.

Vanquished Creatures
  Josephine (D:10)
  The ghost of B1inky the Blocker, a novice OpFi of Makhleb (D:8)
  A centaur skeleton (D:9)
  A wyvern (D:8)
  A steam dragon (D:8)
  2 hippogriffs (D:9)
  A sky beast (D:9)
  An orc warrior (D:10)
  A spider (D:4)
  3 phantoms
  A necrophage (D:8)
  4 centaurs
  An ogre (D:6)
  A big kobold (D:8)
  2 giant frogs
  2 scorpions
  A water moccasin skeleton (D:7)
  5 killer bees (D:8)
  2 electric eels (D:10)
  4 crimson imps
  A centaur zombie (D:10)
  2 hounds
  Crazy Yiuf (D:7)
  4 jellies
  3 orc priests
  4 worker ants
  3 giant frog skeletons
  2 iguanas
  5 orc wizards
  A killer bee zombie (D:5)
  3 gnolls (D:2)
  11 adders
  3 shadow imps
  6 oozes
  An adder zombie (D:8)
  3 worms
  3 adder skeletons
  4 giant geckos
  18 orcs
  2 giant cockroaches
  9 hobgoblins
  7 bats
  A giant gecko skeleton (D:5)
  3 giant newts
  4 goblins
  A goblin skeleton (D:7)
  2 goblin zombies (D:7)
  3 hobgoblin zombies (D:7)
  10 jackals
  A jackal skeleton (D:4)
  10 kobolds
  A kobold skeleton (D:7)
  An orc skeleton (D:7)
  5 quokkas
  4 rats
178 creatures vanquished.

Vanquished Creatures (collateral kills)
  Duvessa (D:6)
  An ogre (D:9)
  A centaur (D:6)
  Dowan (D:6)
  5 wights (D:6)
  An orc priest (D:6)
  2 orc wizards (D:6)
  7 orcs (D:6)
  A giant cockroach (D:6)
20 creatures vanquished.

Grand Total: 198 creatures vanquished

Notes
Turn   | Place    | Note
--------------------------------------------------------------
     0 | D:1      | Ohli the Minotaur Fighter began the quest for the Orb.
     0 | D:1      | Reached XP level 1. HP: 19/19 MP: 0/0
    92 | D:1      | Reached skill level 4 in Shields
   142 | D:1      | You fall through a shaft!
   239 | D:2      | Reached XP level 2. HP: 25/27 MP: 1/1
   282 | D:2      | Found a radiant altar of Vehumet.
   288 | D:2      | Found a sparkling altar of Nemelex Xobeh.
   313 | D:2      | Became a worshipper of Nemelex Xobeh the Trickster
   469 | D:2      | Reached XP level 3. HP: 22/33 MP: 2/2
   546 | D:2      | Received a gift from Nemelex Xobeh
   804 | D:2      | HP: 1/33 [gnoll/spear (4)]
   860 | D:2      | Reached skill level 1 in Dodging
  1167 | D:2      | Reached XP level 4. HP: 36/40 MP: 3/3
  1399 | D:3      | Found a shadowy altar of Dithmenos.
  1514 | D:3      | Reached * piety under Nemelex Xobeh
  1851 | D:3      | Received a gift from Nemelex Xobeh
  2223 | D:4      | Found a shattered altar of Ashenzari.
  2225 | D:4      | Got a brightly glowing spear
  2228 | D:4      | Identified the +3 spear of Edghotz {freeze, SInv} (You found it on level 4 of the Dungeon)
  2294 | D:4      | Reached ** piety under Nemelex Xobeh
  2326 | D:4      | Found a staircase to the Ecumenical Temple.
  2448 | D:4      | Found a bloodstained altar of Trog.
  2528 | D:4      | Reached skill level 5 in Shields
  2597 | D:4      | Noticed an ogre
  2600 | D:4      | Noticed a spider
  2600 | D:4      | an ogre changed into a spider
  2603 | D:4      | Killed a spider
  2603 | D:4      | Reached XP level 5. HP: 43/47 MP: 4/4
  2722 | D:5      | Entered Level 5 of the Dungeon
  2751 | D:5      | Reached XP level 6. HP: 40/53 MP: 5/5
  2836 | D:5      | Received a gift from Nemelex Xobeh
  2881 | D:5      | Noticed a centaur
  2889 | D:5      | Killed a centaur
  2889 | D:5      | Reached skill level 5 in Armour
  2924 | D:5      | Found a deep blue altar of Sif Muna.
  3295 | D:6      | Reached *** piety under Nemelex Xobeh
  3295 | D:6      | Received a gift from Nemelex Xobeh
  3297 | D:6      | Noticed Duvessa
  3300 | D:6      | Found a white marble altar of Elyvilon.
  3312 | D:6      | Reached skill level 6 in Shields
  3313 | D:6      | Noticed Dowan
  3313 | D:6      | Reached XP level 7. HP: 48/60 MP: 6/6
  3314 | D:6      | Killed Duvessa
  3315 | D:6      | Reached skill level 5 in Fighting
  3317 | D:6      | Killed Dowan
  3317 | D:6      | Reached skill level 1 in Evocations
  3675 | D:6      | Reached skill level 5 in Polearms
  3831 | D:7      | Found a glowing golden altar of the Shining One.
  3842 | D:7      | Reached XP level 8. HP: 68/68 MP: 8/8
  3911 | D:7      | Received a gift from Nemelex Xobeh
  4281 | D:7      | Reached skill level 7 in Shields
  4315 | D:7      | Noticed Crazy Yiuf
  4318 | D:7      | Killed Crazy Yiuf
  4524 | D:8      | Noticed B1inky's ghost (novice OpFi)
  4532 | D:8      | Found Veucuregg's Gadget Emporium.
  4550 | D:8      | Killed B1inky's ghost
  4550 | D:8      | Reached skill level 5 in Dodging
  4556 | D:8      | Reached XP level 9. HP: 78/78 MP: 9/9
  4752 | D:8      | Received a gift from Nemelex Xobeh
  4795 | D:8      | Reached **** piety under Nemelex Xobeh
  4802 | D:8      | Found Joraxety's Magic Scroll Emporium.
  4829 | D:8      | Reached skill level 8 in Shields
  4935 | D:8      | Identified a +0 rod of inaccuracy (13/13) (You found it on level 8 of the Dungeon)
  4961 | D:8      | Found Ubbuo's Gadget Shoppe.
  5173 | D:8      | Found a burning altar of Makhleb.
  5271 | D:9      | Found an ancient bone altar of Kikubaaqudgha.
  5276 | D:9      | Received a gift from Nemelex Xobeh
  5323 | D:9      | Noticed a brown ugly thing
  5331 | D:9      | Killed a brown ugly thing
  5713 | D:9      | Found a stormy altar of Qazlal.
  6154 | D:9      | Found an opulent altar of Gozag.
  6154 | D:9      | Found an iron altar of Okawaru.
  6211 | D:9      | Noticed a centaur skeleton
  6221 | D:9      | Killed a centaur skeleton
  6221 | D:9      | Reached XP level 10. HP: 85/87 MP: 10/10
  6258 | D:10     | Entered Level 10 of the Dungeon
  6268 | D:10     | Reached skill level 9 in Shields
  6615 | D:10     | Noticed Josephine
  6635 | D:10     | Killed Josephine
  6637 | D:10     | HP: 4/90 [wraith[Josephine] (8)]
  6637 | D:10     | HP: 1/90 [wraith[Josephine] (3)]
  6637 | D:10     | Slain by a wraith

Vault maps used:
D:1:      dpeg_arrival_shelter, serial_bayou, serial_bayou_lake_a,
          serial_bayou_pond_d, serial_bayou_pond_e, serial_bayou_pond_c
D:2:      nemelex_xobeh_ov_fountains_minmay, vehumet_crystals
D:3:      nicolae_dithmenos_through_a_glass_darkly
D:4:      evilmike_ruin_ashenzari, minmay_temple_entry_grid, trog_hazing_becter
D:5:      lemuel_blue_sif_altar, first_bread, grunt_ministairs_9, minivault_25
D:6:      nicolae_overflow_hidden_temple, uniq_duvessa
D:7:      nicolae_tso_besieged_by_evil, uniq_crazy_yiuf_cottage
D:8:      lemuel_coloured_pillars_altar, serial_shops,
          nicolae_shop_behind_doors, nicolae_shop_waterfront, shop
D:9:      lemuel_doored_altar, old_standard_altar,
          amethyst_overflow_temple_binary, hangedman_little_slice_of_home
D:10:     lair_0_dummy, erik_orc_2, serial_shops, shop, uniq_josephine,
          uniq_fannar

Action                   |  1- 3 |  4- 6 |  7- 9 | 10-12 || total
-------------------------+-------+-------+-------+-------++-------
Melee: Trident           |    84 |    37 |       |       ||   121
       Spear             |       |    79 |   312 |    77 ||   468
Throw: Javelin           |       |       |     3 |       ||     3
       Tomahawk          |       |       |     2 |       ||     2
 Abil: Evoke Flight      |       |     1 |       |       ||     1
Evoke: Deck              |     3 |     7 |     3 |     3 ||    16
  Use: Scroll            |       |     2 |     2 |       ||     4
       Potion            |       |       |       |     2 ||     2
  Eat: Chunk             |     1 |     5 |     6 |     1 ||    13
       Beef jerky        |       |     1 |       |       ||     1
       Fruit             |       |       |     2 |       ||     2
       Royal jelly       |       |       |     1 |       ||     1
       Pizza             |       |       |     1 |       ||     1
